 Dungeon Crawl Stone Soup version 0.30-a0-743-gbfdf073431 (webtiles) character file.

Game seed: 12929861808845154074

61306 browni3141 the Cleaver (level 14, -6/105 HPs)
             Began as a Mummy Cinder Acolyte on Feb 7, 2023.
             Was an Initiate of Ignis.
             Constricted to death by Jorgrun (10 damage)
             ... on level 13 of the Dungeon.
             The game lasted 01:18:31 (23569 turns).

browni3141 the Cleaver (Mummy Cinder Acolyte)      Turns: 23569, Time: 01:18:32

Health: -6/105     AC: 11    Str: 23    XL:     14   Next: 60%
Magic:  2/21       EV:  8    Int: 19    God:    Ignis [......]
Gold:   643        SH: 11    Dex:  7    Spells: 7/23 levels left

rFire   . . .      SeeInvis +    q - +1 demon trident (flame)
rCold   + . .      Faith    +    r - +2 kite shield
rNeg    + + +      Spirit   .    G - +0 troll leather armour
rPois   ∞          Reflect  .    S - +0 helmet {SInv}
rElec   .          Harm     .    u - +1 cloak {Will+}
rCorr   .          Rampage  .    R - +0 pair of gloves {hurl}
Will    +++..                    K - +0 pair of boots
Stlth   +                        y - amulet of regeneration
HPRegen 1.97/turn                n - ring of willpower
MPRegen 0.17/turn                T - +6 ring of intelligence

@: grasped by roots, constricted
A: cold resistance 1, negative energy resistance 3, torment resistance 2, heat
vulnerability 1, in touch with death 2, no potions, faith
a: Renounce Religion, Rising Flame


You were on level 13 of the Dungeon.
You worshipped Ignis.
Ignis was noncommittal.
You visited 3 branches of the dungeon, and saw 20 of its levels.
You also visited: Sewer and Ice Cave.

You collected 2040 gold pieces.
You spent 1397 gold pieces at shops.

Inventory:

Hand Weapons
 a - a +4 short sword of draining
 b - a +2 hand axe of venom
 f - a -1 hand axe of flaming
 h - a +1 dagger of electrocution
 q - a +1 demon trident of flaming (weapon)
 t - a +0 war axe
 D - a +0 shortbow
 J - a +4 morningstar of protection
Missiles
 C - 5 javelins (quivered)
 F - 5 silver javelins
 N - 2 throwing nets
 U - 8 poisoned darts
Armour
 d - a +0 helmet
 e - a +0 leather armour
 g - a +0 chain mail
 j - a +0 ring mail
 k - a +0 robe
 r - a +2 kite shield (worn)
 u - a +1 cloak of willpower (worn)
 x - +0 steam dragon scales
 G - a +0 troll leather armour (worn)
 H - +0 ice dragon scales
 I - a +1 kite shield of cold resistance
 K - a +0 pair of boots (worn)
 M - +0 acid dragon scales
 R - a +0 pair of gloves of hurling (worn)
 S - a +0 helmet of see invisible (worn)
Jewellery
 i - a ring of ice
 n - a ring of willpower (left hand)
 p - an amulet of magic regeneration
 w - a ring of protection from cold
 y - an amulet of regeneration (around neck)
 O - a +6 ring of dexterity
 T - a +6 ring of intelligence (right hand)
Wands
 A - a wand of flame (19)
Scrolls
 c - 6 scrolls of identify
 l - 5 scrolls of enchant weapon
 m - 4 scrolls of teleportation
 o - 7 scrolls of amnesia
 s - a scroll of silence
 v - 2 scrolls of noise
 z - 4 scrolls of fog
 B - 3 scrolls of magic mapping
 E - 4 scrolls of immolation
 L - a scroll of enchant armour
 P - a scroll of poison
 Q - a scroll of vulnerability
 V - a scroll of fear
 W - a scroll of brand weapon {unknown}
 Y - a scroll of blinking


   Skills:
 - Level 8.0 Fighting
 - Level 10.7(11.0) Axes
 - Level 4.0(8.0) Maces & Flails
 - Level 3.0 Throwing
 - Level 6.1 Armour
 * Level 4.9 Dodging
 - Level 9.0 Shields
 * Level 5.0 Spellcasting
 * Level 1.7 Conjurations
 * Level 7.6 Necromancy
 - Level 5.0 Translocations
 - Level 2.4 Fire Magic
 * Level 5.4 Earth Magic
 - Level 8.0 Evocations


You had 7 spell levels left.
You knew the following spells:

 Your Spells              Type           Power      Damage    Failure   Level
a - Blink                 Tloc           46%        N/A       6%          2
b - Scorch                Fire           26%        2d6       19%         2
c - Borgnjor's Vile Clut  Necr/Erth      30%        N/A       54%         5
d - Cigotuvi's Dreadful   Necr/Pois/Air  64%        N/A       19%         2
e - Momentum Strike       Conj/Tloc      34%        3d8       13%         2
f - Stone Arrow           Conj/Erth      36%        3d9       22%         3

Your spell library contained the following spells:

 Spells                   Type           Power      Damage    Failure   Level
 Apportation              Tloc           46%        N/A       4%          1
 Lesser Beckoning         Tloc           46%        N/A       6%          2
 Freeze                   Ice            16%        1d4       32%         1
 Portal Projectile        Hex/Tloc       28%        N/A       34%         3
 Manifold Assault         Tloc           23%        N/A       38%         4
 Passage of Golubria      Tloc           23%        N/A       38%         4
 Ensorcelled Hibernation  Hex/Ice        8%         N/A       45%         2
 Poisonous Vapours        Pois/Air       8%         N/A       45%         2
 Anguish                  Hex/Necr       21%        N/A       56%         4
 Mephitic Cloud           Conj/Pois/Air  6%         N/A       61%         3
 Frozen Ramparts          Ice            8%         1d2       69%         3
 Ozocubu's Armour         Ice            4%         N/A       69%         3
 Tukima's Dance           Hex            4%         N/A       69%         3
 Animate Armour           Summ/Erth      30%        N/A       73%         4
 Flame Wave               Conj/Fire      12%        2d6       80%         4
 Sticky Flame             Conj/Fire      12%        2d4       80%         4
 Summon Ice Beast         Ice/Summ       4%         N/A       97%         4
 Alistair's Intoxication  Tmut/Pois      2%         N/A       100%        5
 Freezing Cloud           Conj/Ice/Air   3%         6-21      100%        5
 Yara's Violent Unravell  Hex/Tmut       2%         3d3       100%        5
 Eringya's Noxious Bog    Tmut/Pois      2%         N/A       100%        6
 Simulacrum               Ice/Necr       21%        N/A       100%        6
 Ozocubu's Refrigeration  Ice            2%         4d7       100%        7
 Summon Hydra             Summ           2%         N/A       100%        7
 Lehudib's Crystal Spear  Conj/Erth      9%         10d4      100%        8
 Fire Storm               Conj/Fire      6%         8d2       100%        9
 Polar Vortex             Ice            2%         N/A       100%        9
 Sublimation of Blood     Necr           Unusable   N/A       N/A         2
 Wereblood                Tmut           Unusable   N/A       N/A         2
 Spider Form              Tmut/Pois      Unusable   N/A       N/A         3
 Ice Form                 Ice/Tmut       Unusable   N/A       N/A         4
 Blade Hands              Tmut           Unusable   N/A       N/A         5
 Storm Form               Tmut/Air       Unusable   N/A       N/A         7

Dungeon Overview and Level Annotations

Branches:
Dungeon (13/15)            Temple (0/1) D:7            Lair (5/5) D:8
 Shoals (0/4) Lair:3        Snake (0/4) Lair:3        Slime (0/5) Lair:5
    Orc (2/2) D:10            Elf (0/3) Orc:2         Sewer (visited)
  IceCv (visited)
 Vaults: D:13-14

Altars:
Ashenzari
Cheibriados
Dithmenos
Fedhas
Hepliaklqana
Kikubaaqudgha
Makhleb
Nemelex Xobeh
Okawaru
Qazlal
Ru
Sif Muna
Trog
Uskayaw
Vehumet
Wu Jian
Xom
Yredelemnul
Jiyva

Shops:
D:7 ?:   D:10 (   Orc:2 =:[?

Portals:
Bazaar: Orc:2
Trove: D:11 (give 6 scrolls of fear)

Annotations:
D:5 exclusion: downstairs
D:7 1 runed translucent door, Crazy Yiuf
D:13 Jorgrun
Lair:4 2 transporters, exclusion: 2 downstairs, Iich's ghost, journeyman MiFi


Innate Abilities, Weirdness & Mutations

You are immune to poison.
Your flesh is cold resistant. (rC+)
You are immune to negative energy. (rN+++)
You are immune to unholy pain and torment.
You are vulnerable to heat. (rF-)
You are strongly in touch with the powers of death.
You do not drink.
You have a special connection with the divine. (Faith)


Message History

Jorgrun is severely wounded.
Jorgrun barely misses you. The grasping roots constrict you!
Reach: q) +1 demon trident (flame)
Press: ? - help, Dir - move target, f/p - Jorgrun
Aim: Jorgrun, wielding a +0 heavy quarterstaff and wearing a +2 robe of cold resistance (severely wounded, about 56% to evade your +1 demon trident of flaming)
You hit Jorgrun. You burn Jorgrun.
Jorgrun is severely wounded.
Jorgrun hits you with a +0 heavy quarterstaff.
The grasping roots constrict you!
* * * LOW HITPOINT WARNING * * *
Okay, then.
You closely miss Jorgrun.
Jorgrun is severely wounded.
A manticore comes into view.
You barely miss Jorgrun.
Jorgrun is severely wounded.
Jorgrun barely misses you. The grasping roots constrict you.
* * * LOW HITPOINT WARNING * * *
You miss Jorgrun.
Jorgrun is severely wounded.
You block Jorgrun's attack. The grasping roots constrict you!
* * * LOW HITPOINT WARNING * * *
The manticore flicks its tail.
You block the volley of spikes.
You puncture Jorgrun! You burn Jorgrun.
Jorgrun is almost dead.
Jorgrun hits you but does no damage. The grasping roots constrict you!
* * * LOW HITPOINT WARNING * * *
The manticore flicks its tail.
You block the volley of spikes.
You closely miss Jorgrun.
Jorgrun is almost dead.
The manticore flicks its tail.
The volley of spikes misses you.
You hit Jorgrun but do no damage.
Jorgrun is almost dead.
Jorgrun hits you with a +0 heavy quarterstaff!
* * * LOW HITPOINT WARNING * * *
The grasping roots constrict you!
You die...

## ## ###. .# ... ..
..#.##### #.#....)#
###.#..##.#.
....<.......
.......#....
#####..# .......###
#####@g...(#
.........#
#.....####.#
..(....### #..$....#
##'#.....# #......<#
.#.#####.###.......#
.#.#.....)....~~H..+
.#.#.#..###...~≈≈..#
##.#........#..~~..#
.......##...#.~≈~..#


You could see Jorgrun and a manticore.

Vanquished Creatures
  Gastronok (D:9)
  A frost giant (IceCv)
  An orc warlord (Orc:1)
  Fannar (Lair:3)
  Josephine (D:10)
  A vault guard (D:10)
  Erolcha (D:9)
  2 hydras (Lair:4)
  7 two-headed ogres
  A boulder beetle (D:12)
  A catoblepas (Lair:5)
  A centaur warrior (D:12)
  2 death yaks
  An orc high priest (Orc:2)
  Urug (D:12)
  Nergalle (Lair:3)
  A goliath frog (Lair:5)
  An orange crystal statue (Orc:2)
  An orc knight (D:10)
  5 orc sorcerers (Orc:2)
  An ugly thing (IceCv)
  A deep elf pyromancer (D:12)
  A cyclops (D:13)
  4 elephants (Lair:4)
  An ice statue (IceCv)
  3 black mambas
  A torpor snail (Lair:1)
  4 molten gargoyles (D:10)
  12 cane toads
  Maggie (D:6)
  2 kobold demonologists
  6 komodo dragons
  Psyche (D:10)
  An efreet (D:13)
  4 rime drakes
  A cane toad (shapeshifter) (D:11)
  6 polar bears (IceCv)
  Prince Ribbit (D:7)
  8 trolls
  A hornet (D:10)
  13 blink frogs
  5 dream sheep (Lair:3)
  A shadow (D:10)
  5 wraiths
  A water elemental (D:12)
  48 yaks
  4 wyverns
  Grum (D:8)
  3 basilisks
  4 vampire mosquitoes
  A steam dragon (D:10)
  4 nagas
  2 wargs
  3 acid dragons
  Duvessa (D:6)
  2 water moccasins
  A floating eye (D:9)
  An ice beast (D:6)
  21 orc warriors
  A black bear (Lair:2)
  2 sky beasts
  2 ogres
  9 centaurs
  31 wolves
  2 phantoms
  2 kobold brigands
  12 bullfrogs
  A gnoll sergeant (D:11)
  Blork the orc (D:5)
  A necrophage (D:5)
  4 scorpions
  7 wights
  Dowan (D:6)
  5 killer bees (D:7)
  4 vampire bats
  3 electric eels (D:12)
  2 howler monkeys
  A centaur zombie (D:7)
  14 orc priests
  4 hounds
  5 iguanas
  30 orc wizards
  A howler monkey zombie (D:7)
  10 gnolls
  12 adders
  7 river rats
  A shadow imp (D:6)
  14 white imps
  A worm (D:3)
  3 dart slugs
  61 orcs
  9 ball pythons
  10 bats
  3 bat skeletons (D:9)
  A bat zombie (D:9)
  8 endoplasms
  3 giant cockroaches
  5 goblins
  10 hobgoblins
  3 jackals
  10 frilled lizards
  14 kobolds
  11 rats
554 creatures vanquished.

Vanquished Creatures (collateral kills)
  5 polar bears (IceCv)
  A blink frog (Lair:5)
  2 yaks
  5 wolves (IceCv)
13 creatures vanquished.

Vanquished Creatures (others)
  A two-headed ogre (D:9)
  A blink frog (Lair:5)
  A steam dragon (D:9)
  2 orc priests (Orc:2)
  2 orc wizards (Orc:2)
  A bush (Lair:5)
  45 fungi
  94 plants
147 creatures vanquished.

Grand Total: 714 creatures vanquished

Notes
Turn   | Place    | Note
-------+----------+-------------------------------------------
     0 | D:1      | browni3141 the Mummy Cinder Acolyte began the quest for the
                  | Orb.
     0 | D:1      | Reached XP level 1. HP: 18/18 MP: 2/2
   749 | D:2      | Reached XP level 2. HP: 24/24 MP: 4/4
  1324 | D:3      | Gained mutation: You are in touch with the powers of death.
                  | [Mummy growth]
  1324 | D:3      | Reached XP level 3. HP: 26/30 MP: 5/5
  1403 | D:3      | Reached skill level 1 in Evocations
  1478 | D:3      | Found a glowing drain.
  1482 | Sewer    | Entered a sewer
  1501 | Sewer    | Reached XP level 4. HP: 37/37 MP: 6/6
  1810 | Sewer    | Reached XP level 5. HP: 42/42 MP: 7/7
  2278 | D:3      | Found a faded altar of an unknown god.
  2391 | D:3      | Found a hide-covered altar of Uskayaw.
  2837 | D:4      | Reached skill level 1 in Throwing
  2837 | D:4      | Reached XP level 6. HP: 37/48 MP: 8/8
  3328 | D:4      | Found a hazy altar of Hepliaklqana.
  3430 | D:4      | Found a sparkling altar of Nemelex Xobeh.
  3430 | D:4      | Found a shimmering altar of Xom.
  3832 | D:5      | Entered Level 5 of the Dungeon
  3865 | D:5      | Noticed Blork the orc
  3885 | D:5      | Killed Blork the orc
  3886 | D:5      | Reached skill level 1 in Shields
  3886 | D:5      | Reached XP level 7. HP: 14/55 MP: 9/9
  4166 | D:5      | Reached skill level 5 in Fighting
  4434 | D:5      | Reached XP level 8. HP: 28/64 MP: 10/10
  4757 | D:5      | Found an ornate altar of the Wu Jian Council.
  5385 | D:6      | Reached skill level 5 in Shields
  5390 | D:6      | Identified the +4 ring mail of an ice cave {Rampage rN+
                  | Int+3 Slay-2}
  5449 | D:6      | Noticed Maggie
  5450 | D:6      | Noticed Duvessa
  5454 | D:6      | Noticed Dowan
  5454 | D:6      | Killed Duvessa
  5455 | D:6      | Killed Dowan
  5455 | D:6      | Killed Maggie
  5456 | D:6      | Reached XP level 9. HP: 23/72 MP: 11/11
  5646 | D:6      | Found a blossoming altar of Fedhas.
  5808 | D:6      | Found a shadowy altar of Dithmenos.
  5907 | D:6      | Found a radiant altar of Vehumet.
  6038 | D:6      | Found an iron altar of Okawaru.
  6090 | D:7      | Found Ohaol's Magic Scroll Shop.
  6093 | D:7      | Bought a scroll of fog for 56 gold pieces
  6093 | D:7      | Bought a scroll of magic mapping for 105 gold pieces
  6093 | D:7      | Bought a scroll of poison for 56 gold pieces
  6097 | D:7      | Found a burning altar of Makhleb.
  6348 | D:7      | Noticed Prince Ribbit
  6369 | D:7      | Killed Prince Ribbit
  6497 | D:7      | Found Adyeqat's Vocational Training.
  6603 | D:7      | Reached skill level 3 in Axes
  6879 | D:7      | Found a faded altar of an unknown god.
  6887 | D:7      | Found a faded altar of an unknown god.
  6889 | D:7      | Found a bloodstained altar of Trog.
  6891 | D:7      | Found a sacrificial altar of Ru.
  6982 | D:7      | Found a basalt altar of Yredelemnul.
  7070 | D:7      | Found a shimmering blue altar of Sif Muna.
  7231 | D:7      | Found a staircase to the Ecumenical Temple.
  7262 | D:7      | Found a runed translucent door.
  7263 | D:7      | Noticed Crazy Yiuf
  7488 | D:8      | Found a staircase to the Lair.
  7502 | Lair:1   | Entered Level 1 of the Lair of Beasts
  7551 | Lair:1   | Noticed Joseph
  7555 | Lair:1   | Joseph changed into Joseph the naga
  7555 | Lair:1   | Noticed Joseph
  7571 | Lair:1   | Reached skill level 4 in Axes
  7699 | Lair:1   | Killed Joseph the naga
  8119 | Lair:1   | Reached XP level 10. HP: 74/80 MP: 12/12
  8227 | Lair:1   | Noticed a torpor snail
  8260 | Lair:1   | Reached skill level 5 in Axes
  8274 | Lair:1   | Killed a torpor snail
  8322 | Lair:1   | Reached skill level 6 in Axes
  8683 | Lair:1   | Noticed a cane toad
  8702 | Lair:1   | Killed a cane toad
  8782 | Lair:1   | Reached skill level 5 in Evocations
  9075 | Lair:2   | Reached skill level 7 in Axes
  9363 | Lair:2   | Noticed a cane toad
  9384 | Lair:2   | Killed a cane toad
  9480 | Lair:2   | Reached XP level 11. HP: 76/86 MP: 13/13
  9672 | Lair:2   | Reached skill level 8 in Axes
 10415 | Lair:2   | Learned a level 2 spell: Blink
 10576 | Lair:2   | Reached skill level 1 in Translocations
 10959 | Lair:3   | Noticed Fannar
 10969 | Lair:3   | Killed Fannar
 11044 | Lair:3   | Reached skill level 9 in Axes
 11055 | Lair:3   | Noticed Nergalle
 11075 | Lair:3   | Killed Nergalle
 11124 | Lair:3   | Found a staircase to the Snake Pit.
 11264 | Lair:3   | Reached XP level 12. HP: 37/92 MP: 15/15
 11715 | Lair:3   | Found a staircase to the Shoals.
 11862 | Lair:4   | Noticed a four-headed hydra
 11875 | Lair:4   | Killed a one-headed hydra
 11876 | Lair:4   | Reached skill level 10 in Axes
 11987 | Lair:4   | Found a frozen archway.
 12090 | IceCv    | Entered an ice cave
 12170 | IceCv    | Learned a level 2 spell: Scorch
 12671 | IceCv    | Reached skill level 5 in Translocations
 13193 | IceCv    | Reached skill level 1 in Armour
 13265 | IceCv    | Noticed a frost giant
 13397 | IceCv    | Killed a frost giant
 13425 | IceCv    | Got the Vademecum on the Chill and Incandescence
 13536 | Lair:4   | Noticed an eight-headed hydra
 13554 | Lair:4   | Killed a two-headed hydra
 13648 | Lair:4   | Noticed Iich's ghost (journeyman MiFi)
 13658 | Lair:4   | Found a bloodstained altar of Trog.
 13665 | Lair:4   | Found a transporter.
 13668 | Lair:4   | Found a transporter.
 14037 | Lair:4   | Reached skill level 5 in Armour
 14037 | Lair:4   | Gained mutation: You are strongly in touch with the powers
                  | of death. [Mummy growth]
 14037 | Lair:4   | Reached XP level 13. HP: 78/98 MP: 16/16
 14662 | Lair:4   | Learned a level 5 spell: Borgnjor's Vile Clutch
 14663 | Lair:5   | Entered Level 5 of the Lair of Beasts
 14721 | Lair:5   | Reached skill level 1 in Maces & Flails
 14829 | Lair:5   | Reached skill level 1 in Earth Magic
 15039 | Lair:5   | Found a viscous altar of Jiyva.
 15039 | Lair:5   | Found a staircase to the Slime Pits.
 15354 | Lair:4   | Learned a level 2 spell: Cigotuvi's Dreadful Rot
 15472 | Lair:4   | Reached skill level 1 in Necromancy
 15713 | D:8      | Noticed Grum
 15745 | D:8      | Killed Grum
 16558 | D:9      | Found a stormy altar of Qazlal.
 16615 | D:9      | Noticed Erolcha
 16633 | D:9      | Killed Erolcha
 16727 | D:9      | Noticed Gastronok
 16750 | D:9      | Killed Gastronok
 16995 | D:9      | Found an ancient bone altar of Kikubaaqudgha.
 17612 | D:10     | Entered Level 10 of the Dungeon
 17659 | D:10     | Noticed Psyche
 17660 | D:10     | Found a staircase to the Orcish Mines.
 17663 | D:10     | Found Jicworupra's Weapon Emporium.
 17669 | D:10     | Killed Psyche
 17724 | D:10     | Noticed Josephine
 17728 | D:10     | Killed Josephine
 17742 | D:10     | Reached skill level 1 in Dodging
 17995 | D:10     | Found a snail-covered altar of Cheibriados.
 18195 | D:10     | Reached skill level 5 in Necromancy
 18482 | D:10     | Found a broken altar of Ashenzari.
 18627 | D:10     | Reached XP level 14. HP: 105/105 MP: 20/20
 18961 | D:10     | Learned a level 2 spell: Momentum Strike
 18977 | D:10     | Reached skill level 5 in Earth Magic
 19336 | Orc:1    | Entered Level 1 of the Orcish Mines
 19897 | Orc:2    | Entered Level 2 of the Orcish Mines
 19905 | Orc:2    | Noticed an orc warlord
 20062 | Orc:1    | Killed an orc warlord
 20682 | Orc:2    | Found Ydu Xish's Magic Scroll Shop.
 20682 | Orc:2    | Found Pehari's Book Boutique.
 20689 | Orc:2    | Found Pytuw's Jewellery Boutique.
 20692 | Orc:2    | Found Qeomy's Antique Armour Shop.
 20706 | Orc:2    | Bought a scroll of poison for 64 gold pieces
 20706 | Orc:2    | Bought a scroll of vulnerability for 64 gold pieces
 20706 | Orc:2    | Bought a scroll of teleportation for 48 gold pieces
 20707 | Orc:2    | Bought a pair of embroidered gloves for 232 gold pieces
 20707 | Orc:2    | Bought a glowing helmet for 232 gold pieces
 20744 | Orc:2    | Bought a +6 ring of intelligence for 540 gold pieces
 20921 | Orc:2    | Found a staircase to the Elven Halls.
 21148 | Orc:1    | Learned a level 3 spell: Stone Arrow
 21313 | Orc:2    | Found a gateway to a bazaar.
 21664 | D:11     | Found a portal to a secret trove of treasure.
 22079 | D:12     | Noticed Urug
 22214 | D:12     | Killed Urug
 22419 | D:12     | Reached skill level 1 in Conjurations
 23508 | D:13     | Reached skill level 5 in Spellcasting
 23552 | D:13     | Noticed Jorgrun
 23569 | D:13     | HP: 4/105 [Jorgrun/+0 heavy quarterstaff (15)]
 23569 | D:13     | Constricted to death by Jorgrun

Illustrated notes

Levels and vault maps discovered:
D:1:      grunt_arrival_lava_bath, layout_basic, roderic_lattice_a
D:2:      layout_loops_ring
D:3:      layout_loops_cross, nicolae_uskayaw_murder_on_the_dancefloor,
          gup_sewer_entry_spiral, basic_ecumenical_altar, minmay_quadrilaterals
D:4:      layout_loops_cross, gammafunk_temple_overflow_wave,
          nicolae_hepliaklqana_hippocampus
D:5:      layout_rooms, mainiacjoe_overflow_swirl, uniq_blork_the_orc
D:6:      layout_gridville, mainiacjoe_overflow_chevrons,
          mainiacjoe_overflow_six_doors_small, vehumet_altar_wand_db,
          mainiacjoe_overflow_boulevard, nicolae_dithmenos_shadow_blocks,
          minmay_lizard_king, uniq_duvessa, uniq_maggie
D:7:      layout_basic, mainiacjoe_overflow_paths,
          nicolae_sif_muna_condensation, lemuel_zombie_altar_yredelemnul,
          chequers_temple_overflow_minitemple, minmay_temple_entry_fiery,
          nicolae_stop_n_shop_1, grunt_ministairs_13, nicolae_shop_vocational,
          uniq_crazy_yiuf_cottage, uniq_prince_ribbit1
D:8:      layout_basic, lair_entry_dummy, uniq_grum
D:9:      layout_long_grid, kennysheep_vampire_church, grunt_qazlal_clouds,
          onia_ninara_cookie, uniq_erolcha, uniq_gastronok
D:10:     layout_basic, mainiacjoe_overflow_alcove_4,
          mainiacjoe_overflow_alcove_1, orc_david_3, serial_rivers,
          chequers_serial_rivers_marsh, chequers_serial_rivers_small_3,
          chequers_serial_rivers_small_a, chequers_serial_rivers_micro_d,
          chequers_serial_rivers_large_b, chequers_serial_rivers_micro_d,
          minivault_8, uniq_psyche, uniq_josephine
D:11:     layout_rooms, enter_trove_5, serial_bayou_lagoon_a, roderic_batcave
D:12:     layout_basic, uniq_urug
D:13:     layout_basic, uniq_nessos, uniq_jorgrun
Lair:1:   layout_gridlike, uniq_joseph
Lair:2:   layout_cave_pods, beast_lair_carwin_7
Lair:3:   layout_chaotic_city, elwin_shoals_entry_rooms,
          minmay_snake_entry_guardpost_small, uniq_nergalle, uniq_fannar
Lair:4:   layout_cave_pods, gammafunk_ghost_wrathful_warriors,
          portal_ice_cave_entry_imps
Lair:5:   minmay_lair_end_frog_pond, layout_regular_city,
          dpeg_slime_entry_enclosed, nzn_masters_of_martial_movement
Orc:1:    layout_caves
Orc:2:    st_orc_mages, layout_caves, serial_shops, statue_bzr

Skill      XL: |  1  2  3  4  5  6  7  8  9 10 11 12 13 14 |
---------------+-------------------------------------------+-----
Fighting       | 4 6 7 8 |  8.0
Evocations     | 2 3 4 6 8 |  8.0
Throwing       | 1 3 |  3.0
Shields        | 1 3 6 7 8 9 |  9.0
Axes           | 4 7 9 10 | 10.7
Spellcasting   | 2 4 5 |  5.0
Translocations | 4 5 |  5.0
Armour         | 5 6 |  6.1
Maces & Flails | 4 |  4.0
Earth Magic    | 4 5 |  5.4
Necromancy     | 5 7 |  7.6
Dodging        | 1 4 |  4.9
Conjurations   | 1 |  1.7
Fire Magic     | |  2.4

Action                     |  1- 3 |  4- 6 |  7- 9 | 10-12 | 13-15 || total
---------------------------+-------+-------+-------+-------+-------++-------
  Melee: Hand axe          |    13 |       |   112 |   518 |       ||   643
         Short sword       |    71 |   196 |   304 |   284 |       ||   855
         Punch             |       |     1 |     1 |       |       ||     2
         Morningstar       |       |       |       |    35 |  1117 ||  1152
         War axe           |       |       |       |    33 |       ||    33
         Demon trident     |       |       |       |       |    70 ||    70
   Fire: Shortbow          |    23 |    36 |     6 |       |       ||    65
  Throw: Dart              |       |       |       |    36 |    52 ||    88
         Javelin           |       |       |       |       |     4 ||     4
   Cast: Scorch            |       |       |       |    12 |    51 ||    63
         Blink             |       |       |       |       |    10 ||    10
         Stone Arrow       |       |       |       |       |     5 ||     5
         Borgnjor's Vile C |       |       |       |       |     5 ||     5
         Momentum Strike   |       |       |       |       |     5 ||     5
 Invoke: Fiery Armour      |       |     1 |     3 |     5 |     4 ||    13
  Evoke: Wand              |       |       |    14 |    36 |    44 ||    94
    Use: Scroll            |     1 |     5 |     3 |     7 |    10 ||    26
 Armour: Leather armour    |    33 |    49 |   197 |       |       ||   279
         Steam dragon scal |       |       |     2 |   226 |    48 ||   276
         Ice dragon scales |       |       |       |   120 |   117 ||   237
         Acid dragon scale |       |       |       |       |    97 ||    97
         Troll leather arm |       |       |       |       |   392 ||   392
  Dodge: Dodged            |    62 |   109 |   242 |   315 |   592 ||  1320
  Block: Kite shield       |       |       |   144 |   572 |   992 ||  1708

Table legend: (Time is in decaauts)
 A = Elapsed time spent in this place.
 B = Non-inter-level travel time spent in this place.
 C = Inter-level travel time spent in this place.
 D = Time resting spent in this place.
 E = Time spent auto-exploring this place.
 F = Levels seen in this place.
 G = Mean time per level.
                   A        B        C        D        E       F      G
               +--------+--------+--------+--------+--------+-----+--------+
         Total |  24257 |  22928 |   1329 |   3268 |  12936 |  22 | 1102.6 |
       Dungeon |  13600 |  12773 |    827 |   1801 |   7900 |  13 | 1046.2 |
          Lair |   6650 |   6311 |    339 |   1081 |   3171 |   5 | 1330.0 |
  Orcish Mines |   1851 |   1689 |    162 |    177 |    763 |   2 |  925.5 |
         Sewer |    767 |    767 |      0 |      0 |    579 |   1 |  767.0 |
      Ice Cave |   1387 |   1387 |      0 |    208 |    522 |   1 | 1387.0 |
               +--------+--------+--------+--------+--------+-----+--------+

Top non-repeatable levels by time:
  Lair:2: 1868 daAuts
  Lair:4: 1808 daAuts
    D:10: 1783 daAuts
    D:12: 1501 daAuts
   IceCv: 1387 daAuts
     D:5: 1355 daAuts
     D:7: 1314 daAuts
  Lair:1: 1299 daAuts
     D:9: 1215 daAuts
     D:8: 1151 daAuts
  Lair:3: 1132 daAuts
     D:4: 1043 daAuts
   Orc:2: 1038 daAuts
     D:6: 931 daAuts
     D:3: 924 daAuts
